 Seeded DCSS version 0.29.1-2-gbd0b4ee654 (webtiles) character file.

Game seed: 3311 (custom seed)

67 Ashen the Firebug (level 4, -2/32 HPs)
             Began as a Demonspawn Fire Elementalist on Oct 28, 2022.
             Was an Initiate of Vehumet.
             Killed from afar by an orc wizard (7 damage)
             ... with a magic dart
             ... on level 3 of the Dungeon.
             The game lasted 00:04:26 (3296 turns).

Ashen the Firebug (Demonspawn Fire Elementalist)    Turns: 3296, Time: 00:04:27

Health: -2/32      AC:  4    Str:  7    XL:     4   Next: 0%
Magic:  1/7        EV: 12    Int: 16    God:    Vehumet [......]
Gold:   164        SH:  0    Dex: 17    Spells: 4/7 levels left

rFire   . . .      SeeInvis .   f - +0 short sword (venom)
rCold   . . .      Faith    .   (no shield)
rNeg    . . .      Spirit   .   k - +0 leather armour
rPois   .          Reflect  .   a - +0 helmet
rElec   .          Harm     .   (no cloak)
rCorr   .          Rampage  .   (no gloves)
Will    .....                   (no boots)
Stlth   ++........              (no amulet)
HPRegen 0.10/turn               (no ring)
MPRegen 0.10/turn               (no ring)

@: attractive
A: sturdy frame 2, agile 1, dopey 1
a: Renounce Religion


You were on level 3 of the Dungeon.
You worshipped Vehumet.
Vehumet was noncommittal.
You visited 1 branch of the dungeon, and saw 3 of its levels.

You collected 164 gold pieces.

Inventory:

Hand Weapons
 f - a +0 short sword of venom (weapon)
Missiles
 d - 10 poisoned darts
Armour
 a - a +0 helmet (worn)
 k - a +0 leather armour (worn)
Scrolls
 e - 3 scrolls of teleportation {unknown}
 g - 2 scrolls of identify {unknown}
 j - a scroll of noise {unknown}
 l - a scroll of enchant armour {unknown}
 m - a scroll of fear {unknown}
 n - a scroll of poison {unknown}
Potions
 b - a potion of magic
 h - a potion of attraction
 i - 2 potions of resistance {unknown}


   Skills:
 + Level 1.1 Fighting
 + Level 2.3 Dodging
 + Level 2.3 Stealth
 + Level 2.4 Spellcasting
 + Level 1.6 Conjurations
 + Level 3.0 Fire Magic


You had 4 spell levels left.
You knew the following spells:

 Your Spells              Type           Power      Damage    Failure   Level
a - Foxfire               Conj/Fire      36%        2x1d5     8%          1
b - Scorch                Fire           22%        2d6       9%          2

Your spell library contained the following spells:

 Spells                   Type           Power      Damage    Failure   Level
 Conjure Flame            Conj/Fire      9%         6-21      22%         3
 Inner Flame              Hex/Fire       6%         N/A       32%         3
 Frozen Ramparts          Ice            2%         1d1       52%         3
 Flame Wave               Conj/Fire      9%         2d6       58%         4
 Ice Form                 Ice/Tmut       1%         N/A       89%         4
 Summon Ice Beast         Ice/Summ       1%         N/A       89%         4


Dungeon Overview and Level Annotations

Branches:
Dungeon (3/15)

Altars:
Vehumet

Annotations:
D:2 1 runed translucent door, exclusion: door, Crazy Yiuf


Innate Abilities, Weirdness & Mutations

Your movements are less encumbered by armour. (ER -4)
You are agile. (Dex +4, Str/Int -1)
You are dopey. (Int -2)


Message History

Casting: Foxfire (safe; 7% risk of failure)
Confirm with . or Enter, or press ? or * to list all spells.
You conjure some foxfire!
You kill the orc!
Vehumet accepts your kill. Something hits you but does no damage.
You have reached level 4!
You feel clever.
Casting: Foxfire (safe; 6% risk of failure)
Confirm with . or Enter, or press ? or * to list all spells.
You conjure some foxfire!
The foxfire hits the orc wizard.
The orc wizard is moderately wounded.
The foxfire hits the orc wizard but does no damage.
The orc wizard is moderately wounded.
The orc wizard hits you but does no damage.
Something hits you.
Casting: Foxfire (safe; 6% risk of failure)
Confirm with . or Enter, or press ? or * to list all spells.
You conjure some foxfire!
The foxfire hits the orc wizard but does no damage.
The orc wizard is moderately wounded.
The orc wizard barely misses you. Something hits you.
Unknown command.
The foxfire hits the orc wizard.
The orc wizard is heavily wounded.
The foxfire hits the orc wizard.
The orc wizard is severely wounded.
The orc wizard points at you and mumbles some strange words.
The puff of flame hits you!
* * * LOW HITPOINT WARNING * * *
It was a potion of mutation.
You feel extremely strange.
You feel stupid.
You feel agile.
The orc wizard points at you and mumbles some strange words.
The puff of flame hits you but does no damage.
Okay, then.
It was a potion of attraction.
You feel attractive to monsters. The orc wizard casts a spell at you.
The magic dart hits you!
You die...

#..######.#
#.......#.#
#.#####.#.##
####.......#...
#....#######...
####.##.# #..##
##....#########.#..
##..##...........###
#)o@##############
#.#...............
#.################
#.# ......... #.#
########### #.#


.ooooo... #.# ######### #.).# ##### You could see an orc wizard.

Vanquished Creatures
  A worm (D:2)
  3 dart slugs
  3 orcs (D:3)
  8 endoplasms
  3 giant cockroaches
  6 hobgoblins
  4 jackals (D:2)
  A quokka (D:2)
  7 ball pythons
  4 bats
  2 frilled lizards
  3 goblins
  3 kobolds
  3 rats
51 creatures vanquished.

Vanquished Creatures (others)
  90 foxfires
90 creatures vanquished.

Grand Total: 141 creatures vanquished

Notes
Turn   | Place    | Note
-------+----------+-------------------------------------------
     0 | D:1      | Ashen the Demonspawn Fire Elementalist began the quest for
                  | the Orb.
     0 | D:1      | Reached XP level 1. HP: 13/13 MP: 3/3
   333 | D:1      | Gained mutation: Your movements are slightly less
                  | encumbered by armour. (ER -2) [demonic ancestry]
   333 | D:1      | Reached XP level 2. HP: 17/20 MP: 1/5
  1635 | D:2      | Gained mutation: Your movements are less encumbered by
                  | armour. (ER -4) [demonic ancestry]
  1635 | D:2      | Reached XP level 3. HP: 23/25 MP: 6/6
  1929 | D:2      | Reached skill level 3 in Fire Magic
  1945 | D:2      | Reached skill level 1 in Fighting
  2270 | D:2      | Found a runed translucent door.
  2271 | D:2      | Noticed Crazy Yiuf
  2296 | D:2      | Found a faded altar of an unknown god.
  2742 | D:3      | Found a radiant altar of Vehumet.
  2750 | D:3      | Became a worshipper of Vehumet
  3105 | D:3      | Learned a level 2 spell: Scorch
  3292 | D:3      | Reached XP level 4. HP: 16/32 MP: 2/7
  3295 | D:3      | Gained mutation: You are dopey. (Int -2) [potion of
                  | mutation]
  3295 | D:3      | Gained mutation: You are agile. (Dex +4, Str/Int -1)
                  | [potion of mutation]
  3296 | D:3      | Killed from afar by an orc wizard

Illustrated notes

Levels and vault maps discovered:
D:1:      amcnicky_arrival_flooded_fountain, layout_loops_corners
D:2:      layout_basic, shapermc_ecumenical_altar_petra,
          nicolae_figureground_sparkle, uniq_crazy_yiuf_cottage
D:3:      layout_basic, nicolae_sif_muna_little_library,
          mainiacjoe_overflow_paths, serial_co_window_serial,
          co_window_of_opportunity_a, co_window_corner_a, co_window_paths_a,
          co_window_of_opportunity_a, co_window_of_opportunity_a,
          co_window_cross_3, co_window_unsneaky_path_c, co_window_corner_b,
          co_window_cross_4, co_window_unsneaky_path_c,
          co_window_of_opportunity_c, co_window_paths_d, glass_columns_a,
          glass_columns_a, glass_columns_a, glass_columns_c, glass_columns_b

Skill      XL: |  1  2  3 |
---------------+----------+-----
Dodging        | 2 |  2.3
Stealth        | 2 |  2.3
Fire Magic     | 3 |  3.0
Fighting       | 1 |  1.1
Spellcasting   | |  2.4
Conjurations   | |  1.6

Action                   |  1- 3 |  4- 6 || total
-------------------------+-------+-------++-------
Melee: Unarmed           |    11 |       ||    11
       Short sword       |    63 |       ||    63
       Dagger            |     6 |       ||     6
       Punch             |     2 |       ||     2
 Cast: Foxfire           |    50 |     2 ||    52
  Use: Potion            |     1 |     2 ||     3
 Stab: Sleeping          |     3 |       ||     3
Armor: Robe              |     7 |       ||     7
       Leather armour    |    13 |     2 ||    15
Dodge: Dodged            |    59 |     1 ||    60
